 Dungeon Crawl Stone Soup version 0.19-a0-35-g3484356 (webtiles) character file.

371895 Kenran the Acrobat (level 21, -5/201 HPs)
             Began as a Minotaur Fighter on May 2, 2016.
             Was the Champion of Cheibriados.
             Killed from afar by a starcursed mass (11 damage)
             ... with an accursed screaming
             ... on level 5 of the Abyss on May 3, 2016.
             The game lasted 03:18:31 (60062 turns).

Kenran the Acrobat (Minotaur Fighter)              Turns: 60062, Time: 03:18:33

Health: -5/201     AC: 34    Str: 38    XL:     21   Next: 71%
Magic:  14/27      EV: 34    Int: 25    God:    Cheibriados [******]
Gold:   1784       SH:  0    Dex: 33    Spells: 0 memorised, 20 levels left

rFire  + . .     SeeInvis +     A - +5 demon whip "Toges" {venom, Int+5}
rCold  . . .     Gourm    .     u - +3 plate armour {rF+}
rNeg   . . .     Faith    .     c - +0 shield
rPois  +         Spirit   .     (helmet restricted)
rElec  +         Dismiss  .     a - +2 cloak
rCorr  .         Reflect  .     Y - +3 pair of gauntlets of War {Slay+5}
SustAt .         Harm     .     o - +1 pair of boots
MR     +....                    (no amulet)
Stlth  ..........               x - ring of Eskaon {Wiz Slay+3}
                                b - ring of see invisible

@: confused, about to teleport, non-regenerating, diseased, very slow, somewhat
resistant to hostile enchantments, extremely unstealthy
A: retaliatory headbutt, horns 2, poison resistance, electricity resistance
a: Bend Time, Temporal Distortion, Slouch, Step From Time, Renounce Religion
}: 2/15 runes: decaying, gossamer


You were on level 5 of the Abyss.
You worshipped Cheibriados.
Cheibriados was exalted by your worship.
You were not hungry.

You visited 7 branches of the dungeon, and saw 35 of its levels.
You visited the Abyss 3 times.
You also visited: Volcano.

You collected 4124 gold pieces.
You spent 2340 gold pieces at shops.

Inventory:

Hand Weapons
 g - a +5 whip of freezing
 A - the +5 demon whip "Toges" (weapon) {venom, Int+5}
   (You acquired it on level 3 of the Swamp)

   It poisons the flesh of those it strikes.
   It affects your intelligence (+5).
 K - a +1 demon whip of venom
Armour
 a - a +2 cloak (worn)
 c - a +0 shield (worn)
 o - a +1 pair of boots (worn)
 s - a +2 scale mail of poison resistance
 u - a +3 plate armour of fire resistance (worn)
 Y - the +3 pair of gauntlets of War (worn) {Slay+5}
   (You bought it in a shop on level 1 of the Depths)

   It affects your accuracy and damage with ranged weapons and melee attacks
   (+5).
Jewellery
 b - a ring of see invisible (left hand)
 e - a +5 ring of evasion
 x - the ring of Eskaon (right hand) {Wiz Slay+3}
   (You found it on level 8 of the Lair of Beasts)

   [ring of wizardry]

   It improves your spell success rate.
   It affects your accuracy and damage with ranged weapons and melee attacks
   (+3).
 D - an uncursed amulet of guardian spirit {unknown}
 F - a cursed -3 ring of strength
 T - a +4 ring of dexterity
 W - an uncursed ring of protection from fire
Wands
 r - a wand of polymorph (17/24)
 G - a wand of lightning (5/15)
 R - a wand of teleportation (1/9)
Scrolls
 i - 9 scrolls of recharging
 k - a scroll of teleportation
 l - 23 scrolls of identify
 n - 11 scrolls of amnesia
 p - 12 scrolls of remove curse
 y - 4 scrolls of fear
 I - 5 scrolls of enchant armour
 J - 6 scrolls of magic mapping
 L - 7 scrolls of blinking
 O - 5 scrolls of enchant weapon
Potions
 d - 6 potions of might
 h - 3 potions of agility
 j - a potion of cancellation
 m - 7 potions of flight
 q - 6 potions of lignification
 v - 4 potions of brilliance
 w - 3 potions of mutation
 z - 4 potions of ambrosia
 H - 2 potions of invisibility
 N - 3 potions of cure mutation
 P - a potion of magic
Books
 C - a book of Alchemy

   Spells                             Type                      Level
   a - Sublimation of Blood           Necromancy                   2
   b - Ignite Poison                  Fire/Transmutation/Poison    3
   c - Petrify                        Transmutation/Earth          4
   d - Alistair's Intoxication        Transmutation/Poison         5
   e - Irradiate                      Conjuration/Transmutation    5
Comestibles
 f - 28 bread rations
 t - 6 meat rations


   Skills:
 - Level 20.2 Fighting
 - Level 15.0 Maces & Flails
 + Level 20.9 Armour
 - Level 23.3 Dodging
 - Level 10.0 Shields
 - Level 10.0 Invocations
 - Level 10.1 Evocations


You had 20 spell levels left.
You didn't know any spells.

Dungeon Overview and Level Annotations

Branches:
Dungeon (15/15)            Temple (0/1) D:6            Lair (8/8) D:8
  Swamp (4/4) Lair:6       Spider (4/4) Lair:6        Slime (0/6) Lair:7
    Orc (2/2) D:11            Elf (0/3) Orc:2        Vaults (1/5) D:13
 Depths (1/5) D:15

Altars:
Cheibriados
Dithmenos
Fedhas
Gozag
Nemelex Xobeh
Pakellas
Ru
Vehumet
Xom
Yredelemnul
The Shining One

Shops:
Orc:1 (   Orc:2 [**!   Vaults:1 (   Depths:1 ![[[*

Portals:
Hell: Depths:1
Ziggurat: Depths:1

Annotations:
D:9 exclusion: statue


Innate Abilities, Weirdness & Mutations

You reflexively headbutt those who attack you in melee.
You have a pair of horns on your head.
Your system is resistant to poisons.
You are resistant to electric shocks.


Message History

The starcursed mass engulfs you but does no damage.
You whack the large abomination!
You destroy the large abomination!
Cheibriados thoroughly appreciates the change of pace.
You feel the corruption within you wane completely.
You feel more energetic. You block the hell knight's attack.
The starcursed mass misses you. You furiously retaliate!
You headbutt the starcursed mass!!
The starcursed mass shudders and is absorbed by its neighbour.
Read which item? (? for menu, Esc to quit)
Okay, then.
Drink which item? (? for menu, Esc to quit)
You are confused.
You feel invigorated.
The hell knight gestures at you while chanting.
The puff of flame hits you! You resist.
* * * LOW HITPOINT WARNING * * *
A starcursed mass splits.
A deafening chorus of shrieks assaults your mind!
You die...

.#.# .#
.#.## ...
.. .
..##.
#x..####
#.
##.Xxp#.#
..X.


xpXp..# . #XXX# # .#@## ### ### . #. . .. .# .. ##. #) .. You could see 5
starcursed masses, 2 hell knights, 2 ancient zymes, a necromancer (invisible)
and a small abomination.

Vanquished Creatures
  A juggernaut (Depths:1)
  Norris (Depths:1)
  3 bone dragons
  Arachne (Spider:3)
  2 hellephants
  Rupert (D:14)
  2 liches
  2 tentacled monstrosities
  An Executioner (Abyss:2)
  Frances (D:14)
  10 tentacled starspawn
  A sphinx (Depths:1)
  3 thorn hunters
  Agnes (Spider:2)
  2 storm dragons (Depths:1)
  A tengu reaver (Depths:1)
  Roxanne (D:14)
  3 frost giants (Depths:1)
  Maud (D:14)
  2 fire giants
  An orc warlord (Orc:2)
  3 ghost moths (Spider:4)
  2 balrugs
  9 emperor scorpions
  2 reapers
  An ironheart preserver (Vaults:1)
  8 stone giants (Depths:1)
  An ophan (Abyss:2)
  7 very ugly things (Depths:1)
  Nessos (Lair:8)
  3 vampire knights (Depths:1)
  A green draconian (Abyss:3)
  A red draconian (Abyss:5)
  A salamander stormcaller (Abyss:3)
  A spark wasp (Spider:3)
  5 dire elephants (Lair:8)
  2 eidola
  A merfolk javelineer (Depths:1)
  A deep elf death mage (Vaults:1)
  5 ettins (Depths:1)
  Snorg (Lair:8)
  2 fire dragons
  4 yaktaur captains (Depths:1)
  Erolcha (Orc:1)
  Josephine (D:14)
  5 great orbs of eyes
  4 entropy weavers
  7 ice dragons (Depths:1)
  The ghost of Etesian the Devastator, a journeyman TeAE of Sif Muna (Lair:2)
  5 rakshasas (Depths:1)
  21 hydras
  A ghost crab (shapeshifter) (D:15)
  3 ghost crabs
  Erica (D:11)
  An anaconda (Lair:8)
  2 dancing weapons (D:13)
  6 tengu warriors
  7 deep troll shamans (Depths:1)
  10 ogre magi
  5 centaur warriors
  2 hell hogs (Abyss:5)
  5 alligators
  13 thrashing horrors
  A vampire mage (Depths:1)
  6 deep troll earth magi (Depths:1)
  3 spriggan berserkers (Depths:1)
  A shock serpent (shapeshifter) (D:15)
  6 hell knights
  13 wretched stars
  10 death yaks
  2 soul eaters
  Sonja (D:15)
  An iron troll (Depths:1)
  A fire crab (Lair:8)
  5 skeletal warriors (D:15)
  4 shadow wraiths
  15 spatial maelstroms
  5 deep trolls (Depths:1)
  10 swamp dragons
  4 giant orange brains
  4 shambling mangroves
  An anaconda zombie (Abyss:5)
  2 flayed ghosts (Depths:1)
  4 unseen horrors
  3 spriggan druids
  A shadow demon (Abyss:3)
  An anaconda skeleton (Abyss:3)
  10 hill giants
  4 ironbrand convokers (Vaults:1)
  31 large abominations
  2 necromancers (Abyss:5)
  3 wizards
  3 phantasmal warriors
  2 griffons
  A lindwurm (Lair:5)
  7 orc knights
  29 wolf spiders
  The ghost of bosm the Spear-Bearer, a novice MfAK of Lugonu (D:5)
  30 ugly things
  3 harpies (Vaults:1)
  8 hornets
  4 cyclopes
  19 orb spiders
  A hornet (shapeshifter) (D:15)
  3 moths of wrath
  A deep elf mage (D:15)
  An orc sorcerer (Orc:2)
  21 elephants
  3 manticores
  3 worldbinders
  A black mamba (shapeshifter) (Abyss:2)
  4 apocalypse crabs
  6 black mambas
  2 centaur zombies
  A torpor snail (shapeshifter) (Depths:1)
  A water nymph (shapeshifter) (Abyss:3)
  24 spiny frogs
  14 smoke demons
  2 orange demons
  5 rime drakes
  9 komodo dragons
  A tormentor (Abyss:3)
  5 kobold demonologists
  A freezing wraith (D:15)
  6 efreet
  A yaktaur (shapeshifter) (D:14)
  4 red devils (Abyss:3)
  8 yaktaurs
  59 starcursed masses
  18 demonic crawlers
  4 tengu conjurers
  2 hellwings (Abyss:2)
  44 jumping spiders
  14 ancient zymes
  5 trolls
  3 giant leeches
  2 polar bears
  22 two-headed ogres
  5 bog bodies
  21 raiju
  18 blink frogs
  20 slime creatures
  A boulder beetle (Lair:8)
  2 flying skulls (Abyss:2)
  A spriggan (shapeshifter) (Depths:1)
  93 redbacks
  3 spriggans
  28 tarantellas
  36 yaks
  3 water elementals
  3 shadows
  2 wyverns
  6 wraiths
  11 ynoxinuls
  A hungry ghost (D:13)
  10 golden eyes
  A hippogriff (shapeshifter) (D:14)
  7 basilisks
  11 hippogriffs
  3 steam dragons
  8 chaos spawn
  22 vampire mosquitoes
  6 neqoxecs
  A spatial vortex (Abyss:3)
  6 wargs
  9 insubstantial wisps
  14 swamp worms
  16 water moccasins
  20 small abominations
  11 porcupines
  9 swamp drakes
  35 orc warriors
  14 ice beasts
  4 sky beasts
  A black bear (D:13)
  9 wasps
  A necrophage (D:8)
  37 ogres
  9 centaurs
  3 eyes of draining
  5 boggarts
  A phantom (D:13)
  19 wolves
  19 crocodiles
  5 big kobolds
  An elf zombie (D:15)
  2 wyvern zombies
  An earth elemental (Abyss:5)
  A gnoll sergeant (D:11)
  18 giant frogs
  3 scorpions
  A killer bee (shapeshifter) (Depths:1)
  5 killer bees
  18 wights
  4 electric eels
  6 crimson imps
  7 howler monkeys
  The ghost of Etesian the Chiller, a weakling DEIE of the Shining One (D:3)
  3 quasits
  A wyvern simulacrum (D:14)
  2 giant frog skeletons
  33 orc priests
  10 hounds
  4 human zombies (D:15)
  8 jellies
  8 centaur skeletons
  4 iron imps
  14 iguanas
  Natasha (twice) (D:3)
  37 orc wizards
  6 worker ants
  45 sheep
  A hound skeleton (D:10)
  3 mummies (D:15)
  7 gnolls
  A howler monkey zombie (D:9)
  9 adders
  48 river rats
  5 shadow imps
  3 white imps
  An ufetubus (Abyss:4)
  8 oozes
  An adder zombie (D:4)
  A worm (D:3)
  A dart slug (D:1)
  7 giant geckos
  124 orcs
  A ball python (D:2)
  9 bats
  4 giant cockroaches
  8 goblins
  9 hobgoblins
  11 jackals
  18 kobolds
  8 quokkas
  A giant gecko skeleton (D:5)
  3 giant newts
  A jackal zombie (D:6)
  A quokka zombie (D:8)
  18 rats
  2 briar patches (Swamp:2)
  2 fungi (D:8)
  A lurking horror (Abyss:4)
  A plant (Lair:8)
  8 starspawn tentacles
1907 creatures vanquished.

Vanquished Creatures (collateral kills)
  A stone giant (Depths:1)
1 creature vanquished.

Vanquished Creatures (others)
  A hell hog (Abyss:5)
  A necromancer (Abyss:5)
  An orb spider (Spider:1)
  A flying skull (Abyss:2)
  A golden eye (Abyss:5)
  A porcupine (Lair:7)
  A boggart (D:15)
  A centaur (D:15)
  A small abomination (Abyss:2)
  2 briar patches (Swamp:3)
  3 bushes
  6 demonic plants (Abyss:5)
  30 fungi
  5 lurking horrors
  24 plants
  22 starspawn tentacles
  73 starspawn tentacle segments
174 creatures vanquished.

Grand Total: 2082 creatures vanquished

Notes
Turn   | Place    | Note
--------------------------------------------------------------
     0 | D:1      | Kenran the Minotaur Fighter began the quest for the Orb.
     0 | D:1      | Reached XP level 1. HP: 19/19 MP: 0/0
    29 | D:1      | Reached XP level 2. HP: 20/26 MP: 1/1
   876 | D:1      | Reached XP level 3. HP: 31/31 MP: 2/2
  1290 | D:2      | Found a shimmering altar of Xom.
  1420 | D:2      | Reached skill level 5 in Maces & Flails
  1859 | D:2      | Found a glowing golden altar of the Shining One.
  1859 | D:2      | Found an oddly glowing altar of Pakellas.
  1993 | D:3      | Reached XP level 4. HP: 39/39 MP: 3/3
  2030 | D:3      | Found a faded altar to an unknown god.
  2055 | D:3      | Noticed Etesian's ghost (weakling DEIE)
  2191 | D:3      | Killed Etesian's ghost
  2466 | D:3      | Reached XP level 5. HP: 41/45 MP: 4/4
  2689 | D:3      | Noticed Natasha
  2692 | D:3      | Killed Natasha
  2766 | D:3      | Noticed Natasha
  2777 | D:3      | Killed Natasha
  3068 | D:4      | Reached XP level 6. HP: 51/51 MP: 5/5
  3604 | D:4      | Found a shadowy altar of Dithmenos.
  3605 | D:4      | Found a snail-covered altar of Cheibriados.
  3605 | D:4      | Found a sacrificial altar of Ru.
  3768 | D:4      | Became a worshipper of Cheibriados the Contemplative
  3779 | D:5      | Entered Level 5 of the Dungeon
  3779 | D:5      | Noticed bosm's ghost (novice MfAK)
  3807 | D:5      | Killed bosm's ghost
  3807 | D:5      | Reached skill level 10 in Maces & Flails
  3807 | D:5      | Reached XP level 7. HP: 33/57 MP: 6/6
  3979 | D:5      | Found a blossoming altar of Fedhas.
  4188 | D:5      | Reached * piety under Cheibriados
  4415 | D:5      | Reached XP level 8. HP: 64/64 MP: 7/7
  5012 | D:6      | Found a staircase to the Ecumenical Temple.
  5200 | D:6      | Reached ** piety under Cheibriados
  5331 | D:6      | Found a sparkling altar of Nemelex Xobeh.
  5332 | D:6      | Found an opulent altar of Gozag.
  5522 | D:7      | Reached XP level 9. HP: 55/70 MP: 8/8
  6544 | D:8      | Reached *** piety under Cheibriados
  6625 | D:8      | Reached skill level 15 in Maces & Flails
  6699 | D:8      | Found a staircase to the Lair.
  6826 | D:8      | Found a blossoming altar of Fedhas.
  6964 | D:8      | Reached skill level 5 in Fighting
  7009 | D:8      | Reached **** piety under Cheibriados
  7454 | D:9      | Reached XP level 10. HP: 78/88 MP: 9/9
  7654 | D:10     | Entered Level 10 of the Dungeon
  7670 | D:10     | Noticed a griffon
  7683 | D:10     | Killed a griffon
  8055 | D:9      | Found a radiant altar of Vehumet.
  8477 | D:9      | Reached skill level 10 in Fighting
  8588 | D:10     | Noticed a hill giant
  8595 | D:10     | Killed a hill giant
  8949 | D:10     | Noticed a hill giant
  8955 | D:10     | Killed a hill giant
  8991 | D:10     | Reached ***** piety under Cheibriados
  9511 | Lair:1   | Entered Level 1 of the Lair of Beasts
 10406 | Lair:2   | Noticed Etesian's ghost (journeyman TeAE)
 10417 | Lair:1   | Reached XP level 11. HP: 87/107 MP: 10/10
 10573 | Lair:2   | Killed Etesian's ghost
 10573 | Lair:2   | Reached skill level 5 in Shields
 11543 | Lair:2   | Reached skill level 5 in Armour
 11975 | Lair:3   | Reached ****** piety under Cheibriados
 13008 | Lair:3   | Reached skill level 10 in Armour
 13173 | Lair:3   | Reached XP level 12. HP: 75/115 MP: 11/11
 13730 | Lair:4   | Noticed a six-headed hydra
 13737 | Lair:4   | Killed a six-headed hydra
 15661 | Lair:5   | Reached skill level 5 in Invocations
 16239 | Lair:6   | Found a hole to the Spider Nest.
 16926 | Lair:6   | Reached XP level 13. HP: 114/122 MP: 18/18
 17663 | Lair:6   | Found a staircase to the Swamp.
 17926 | Lair:6   | Reached skill level 10 in Invocations
 18443 | D:11     | Found a staircase to the Orcish Mines.
 18730 | D:11     | Found an opulent altar of Gozag.
 19194 | Orc:1    | Entered Level 1 of the Orcish Mines
 19194 | Orc:1    | Noticed Erica
 19210 | D:11     | Killed Erica
 19653 | Orc:1    | Noticed Erolcha
 19659 | Orc:1    | Killed Erolcha
 19749 | Orc:2    | Entered Level 2 of the Orcish Mines
 20063 | Orc:2    | Noticed an orc warlord
 20126 | Orc:2    | Found a staircase to the Elven Halls.
 20151 | Orc:1    | HP: 7/187 [orc warrior/glaive (8)]
 20773 | Orc:1    | Found Bunaam's Antique Weapon Shop.
 21047 | Orc:2    | Reached skill level 15 in Fighting
 21235 | Orc:2    | HP: 4/126 [orc priest/divine providence[an orc warlord] (15)]
 22154 | Orc:2    | Found Ilyacegg's General Store.
 22154 | Orc:2    | Found Loc Simp's Distillery.
 22154 | Orc:2    | Found Kutig's Antique Armour Emporium.
 22154 | Orc:2    | Found Vulaehie's General Store.
 22160 | Orc:2    | Bought a +2 cloak for 214 gold pieces
 22160 | Orc:2    | Bought a scroll of identify for 26 gold pieces
 22166 | Orc:2    | Bought a potion of heal wounds for 70 gold pieces
 22166 | Orc:2    | Bought a potion of heal wounds for 70 gold pieces
 22167 | Orc:2    | Bought a potion of beneficial mutation for 385 gold pieces
 22167 | Orc:2    | Gained mutation: You are resistant to electric shocks. [potion of beneficial mutation]
 22168 | Orc:2    | Gained mutation: You are agile. (Dex +2) [potion of beneficial mutation]
 22169 | Orc:2    | Gained mutation: Your system is resistant to poisons. [potion of beneficial mutation]
 22243 | Orc:2    | Killed an orc warlord
 22243 | Orc:2    | Reached XP level 14. HP: 64/138 MP: 8/20
 23740 | D:12     | Reached skill level 1 in Evocations
 24664 | Lair:7   | Found a staircase to the Slime Pits.
 24988 | Lair:7   | Found a dark tunnel.
 24997 | Volcano  | Entered a volcano
 25797 | Lair:8   | Entered Level 8 of the Lair of Beasts
 25832 | Lair:8   | Noticed Nessos
 27052 | Lair:8   | Killed Nessos
 27052 | Lair:8   | Reached skill level 15 in Armour
 27052 | Lair:8   | Reached skill level 5 in Evocations
 27307 | Lair:8   | Got a glittering golden ring
 27366 | Lair:8   | Noticed Snorg
 27376 | Lair:8   | Killed Snorg
 28093 | Lair:8   | Reached XP level 15. HP: 66/147 MP: 18/21
 29473 | D:13     | Found a gate to the Vaults.
 30140 | D:13     | Upgraded the game from 0.19-a0-28-g8794423 to 0.19-a0-35-g3484356
 30352 | D:14     | Noticed Maud
 30378 | D:14     | Killed Maud
 30651 | D:14     | Got a warped golden amulet
 30728 | D:14     | Noticed Josephine
 30739 | D:14     | Killed Josephine
 30919 | D:14     | Noticed Roxanne
 30966 | D:14     | Killed Roxanne
 30968 | D:14     | Identified Roxanne's Handbook of Transmigration (You took it off Roxanne on level 14 of the Dungeon)
 31475 | D:14     | Noticed Rupert
 31475 | D:14     | Noticed Frances
 31492 | D:14     | Killed Rupert
 31492 | D:14     | Reached skill level 10 in Evocations
 31522 | D:14     | Killed Frances
 32837 | Spider:1 | Entered Level 1 of the Spider Nest
 34474 | Spider:1 | Reached XP level 16. HP: 137/159 MP: 22/22
 34557 | Spider:2 | Identified the amulet "Ynusig" {RegenMP -Tele Dex+3 SInv} (You found it on level 14 of the Dungeon)
 34562 | Spider:2 | Identified the ring of Eskaon {Wiz Slay+3} (You found it on level 8 of the Lair of Beasts)
 37395 | Spider:3 | Noticed Agnes
 37755 | Spider:2 | Killed Agnes
 38078 | Spider:3 | Noticed Arachne
 38098 | Spider:3 | Killed Arachne
 39036 | Spider:4 | Entered Level 4 of the Spider Nest
 40495 | Spider:4 | Reached XP level 17. HP: 170/170 MP: 3/23
 41948 | Spider:4 | Got a gossamer rune of Zot
 42423 | Swamp:1  | Entered Level 1 of the Swamp
 43431 | Swamp:2  | Reached skill level 1 in Dodging
 43489 | Swamp:2  | Reached skill level 2 in Dodging
 43595 | Swamp:2  | Reached skill level 3 in Dodging
 43885 | Swamp:2  | Noticed a tentacled monstrosity
 43894 | Swamp:2  | Killed a tentacled monstrosity
 43894 | Swamp:2  | Reached skill level 4 in Dodging
 44177 | Swamp:2  | Reached skill level 5 in Dodging
 44598 | Swamp:3  | Identified a scroll of acquirement
 44602 | Swamp:3  | Got a crystal demon whip
 44603 | Swamp:3  | Identified the +5 demon whip "Toges" {venom, Int+5} (You acquired it on level 3 of the Swamp)
 44676 | Swamp:3  | Reached skill level 6 in Dodging
 44839 | Swamp:3  | Reached skill level 7 in Dodging
 45448 | Swamp:4  | Entered Level 4 of the Swamp
 45469 | Swamp:4  | Reached skill level 8 in Dodging
 45606 | Swamp:4  | Reached XP level 18. HP: 132/178 MP: 24/24
 45611 | Swamp:4  | Reached skill level 9 in Dodging
 45727 | Swamp:4  | Reached skill level 10 in Dodging
 46277 | Swamp:4  | Reached skill level 11 in Dodging
 46307 | Swamp:4  | Got a decaying rune of Zot
 46994 | D:15     | Entered Level 15 of the Dungeon
 47418 | D:15     | Reached skill level 12 in Dodging
 47755 | D:15     | Noticed Sonja
 47770 | D:15     | Killed Sonja
 47873 | D:15     | Found a staircase to the Depths.
 47977 | D:15     | Reached skill level 13 in Dodging
 48184 | D:15     | Found a basalt altar of Yredelemnul.
 48299 | Depths:1 | Entered Level 1 of the Depths
 48357 | Depths:1 | Paralysed by a vampire knight for 7 turns
 49189 | Depths:1 | Reached skill level 14 in Dodging
 49475 | Depths:1 | Paralysed by a great orb of eyes for 6 turns
 49498 | Depths:1 | Noticed a tentacled monstrosity
 49595 | Depths:1 | Found Corraacw's Armour Emporium.
 49595 | Depths:1 | Found Pauzidy's Armour Boutique.
 49595 | Depths:1 | Found Jititirch's Distillery.
 49595 | Depths:1 | Found Zueten's Antique Armour Emporium.
 50271 | Depths:1 | Killed a tentacled monstrosity
 50271 | Depths:1 | Reached skill level 15 in Dodging
 50291 | Depths:1 | Noticed a juggernaut
 50301 | Depths:1 | Noticed Norris
 50304 | Depths:1 | Paralysed by Norris for 3 turns
 50316 | Depths:1 | Killed a juggernaut
 50316 | Depths:1 | Reached XP level 19. HP: 102/185 MP: 22/25
 50335 | Depths:1 | Killed Norris
 51111 | Depths:1 | Reached skill level 16 in Dodging
 51190 | Depths:1 | Found a gateway to Hell.
 51291 | Depths:1 | Found a gateway to a ziggurat.
 51761 | Depths:1 | Found Biuts's Assorted Antiques.
 51772 | Depths:1 | Bought the +3 pair of gauntlets of War {Slay+5} for 1092 gold pieces
 51772 | Depths:1 | Bought a scroll labeled CAZOEG YVOI for 23 gold pieces
 51772 | Depths:1 | Bought a sack of spiders for 460 gold pieces
 51815 | Depths:1 | Reached skill level 17 in Dodging
 52102 | Depths:1 | Cast into level 3 of the Abyss (a lich)
 52168 | Abyss:3  | Found a corrupted altar of Lugonu.
 52389 | Abyss:3  | Reached skill level 18 in Dodging
 52601 | Abyss:3  | Noticed a hellephant
 52611 | Abyss:3  | Killed a hellephant
 52939 | Depths:1 | Escaped the Abyss
 53113 | Depths:1 | Noticed a golden dragon
 53231 | Depths:1 | Reached skill level 19 in Dodging
 53394 | Depths:1 | Reached XP level 20. HP: 164/193 MP: 26/26
 53997 | Vaults:1 | Entered Level 1 of the Vaults
 54215 | Vaults:1 | Reached skill level 20 in Dodging
 54423 | Vaults:1 | Cast into level 2 of the Abyss (a deep elf sorcerer)
 54866 | Abyss:2  | Paralysed by accursed screaming for 1 turns
 55410 | Abyss:2  | Reached skill level 21 in Dodging
 55418 | Abyss:2  | Noticed a bone dragon
 55440 | Abyss:2  | Killed a bone dragon
 55731 | Abyss:2  | Paralysed by accursed screaming for 1 turns
 56383 | Abyss:4  | Found a corrupted altar of Lugonu.
 56472 | Abyss:4  | Reached skill level 22 in Dodging
 56510 | Abyss:4  | Found a corrupted altar of Lugonu.
 56546 | Abyss:4  | Found a corrupted altar of Lugonu.
 56736 | Abyss:4  | Found a corrupted altar of Lugonu.
 56839 | Abyss:5  | Entered Level 5 of the Abyss
 56860 | Abyss:5  | Noticed a bone dragon
 56905 | Abyss:5  | Killed a bone dragon
 57199 | Abyss:5  | Reached XP level 21. HP: 138/201 MP: 27/27
 57907 | Vaults:1 | Escaped the Abyss
 57929 | Vaults:1 | Reached skill level 23 in Dodging
 58322 | Vaults:1 | Found Vaorusch's Antique Weapon Shoppe.
 58918 | Vaults:1 | Cast into level 2 of the Abyss (a deep elf demonologist)
 59157 | Abyss:3  | Found a corrupted altar of Lugonu.
 59276 | Abyss:3  | Paralysed by accursed screaming for 1 turns
 59321 | Abyss:3  | Reached skill level 10 in Shields
 59339 | Abyss:4  | Found a corrupted altar of Lugonu.
 59373 | Abyss:4  | Paralysed by a lich for 7 turns
 59562 | Abyss:5  | Entered Level 5 of the Abyss
 59749 | Abyss:5  | Lost mutation: You are agile. (Dex +2) [a neqoxec]
 59796 | Abyss:5  | Paralysed by accursed screaming for 1 turns
 60051 | Abyss:5  | HP: 7/201 [hell knight/demon trident of flaming (4)]
 60058 | Abyss:5  | HP: 7/201 [starcursed mass/accursed screaming (7)]
 60059 | Abyss:5  | HP: 2/201 [starcursed mass (6)]
 60062 | Abyss:5  | Killed from afar by a starcursed mass

Vault maps used:
D:1:      minmay_arrival_stair_chambers, st_stairs_6, kennysheep_another_room,
          hangedman_abyss_or_decor_stabs, corexii_leaking_fountain
D:2:      lemuel_doored_altar, gammafunk_temple_overflow_pools
D:3:      nicolae_overflow_hidden_temple, ecumenical_altar_1, first_bread,
          uniq_natasha
D:4:      gammafunk_temple_overflow_forgotten, fountainhead,
          minmay_fire_ice_demons
D:5:      fedhas_altar_2
D:6:      grunt_temple_overflow_opulence, minmay_temple_entry_statues_fountains,
          grunt_ministairs_6
D:7:      the_bakery
D:8:      due_lair_maze_entry_diamond, basic_altar
D:9:      vehumet_statue, grunt_decor_mini_mirrors, small_statue_intersection
D:11:     hiddenorc2_lemuel, grunt_gozag_statues
D:12:     special_room
D:13:     erik_vaults_1, serial_bayou_pond_b, minmay_misc_feat_diagonals,
          hangedman_abyss_or_decor_jellyfish_corner,
          onia_ninara_dug_in_and_dangerous
D:14:     minmay_fountain_box, uniq_maud, uniq_josephine, uniq_rupert,
          uniq_frances, uniq_roxanne
D:15:     hangedman_depths_entry_civil_slaughter,
          lemuel_mausoleum_altar_yredelemnul, uniq_sonja
Lair:1:   hangedman_lair_unloving_vines, nicolae_quartered_pool_little
Lair:2:   bobbens_dragon_lair_wall
Lair:6:   minmay_swamp_entry_swarm, spider_nest_entry_web_field
Lair:7:   nicolae_slime_entry_slimehenge, enter_volcano_1
Lair:8:   due_jungle_book, grunt_megastairs_2, uniq_snorg, uniq_nessos
Swamp:1:  evilmike_swamp_ruin_house_4
Swamp:2:  hangedman_swamp_cone, infiniplex_staircase_pool
Swamp:3:  portal_ice_cave_entry_ice_beasts, evilmike_swamp_ruin_rubble_2,
          swamp_pool1
Swamp:4:  swamp, infiniplex_staircase_pool_2
Spider:2: spider_trap, nicolae_spider_stair_cavern
Spider:3: spider_trap, uniq_agnes, uniq_arachne
Spider:4: grunt_spider_rune_circles, nicolae_spider_webbed_stairs
Orc:1:    serial_shops, shop_fountains, uniq_erolcha, uniq_erica
Orc:2:    st_orc_ogre_mass
Vaults:1: hangedman_vaults_corner, vaults_dpeg_doors, vaults_mumra_chevron_long,
          vaults_room_pool, vaults_dpeg_ring, nicolae_vaults_little_squares_6,
          v_misc_32, ontoclasm_vaults_gateway, vaults_room_pools, st_lines,
          nicolae_vaults_shelves_hall, nicolae_vaults_rhombus_5, serial_shops,
          nicolae_shop_stone
Depths:1: hangedman_box_tower, enter_ziggurat_e, minmay_crystal_water,
          hangedman_tar_grid_catacomb, spider_trap, kennysheep_windowed_goal,
          uniq_norris
Abyss:2:  small_statue_intersection, minivault_25
Abyss:3:  evilmike_abyss_exit_7, nicolae_abyss_rune_left_handed,
          evilmike_abyss_exit_glass
Abyss:4:  grunt_abyss_exit_deep_breaths, hangedman_abyss_rune_flesh_and_stone,
          evilmike_abyss_exit_12, nicolae_abyss_rune_containment_breach
Abyss:5:  evilmike_abyss_exit_14, hangedman_abyss_or_decor_slice,
          grunt_abyss_rune_twisted_forest, evilmike_abyss_exit_1,
          evilmike_abyss_exit_smiterflies, evilmike_abyss_rune_curve,
          evilmike_abyss_exit_plants
Volcano:  volcano_lake

Skill      XL: |  1  2  3  4  5  6  7  8  9 10 11 12 13 14 15 16 17 18 19 20 21 |
---------------+----------------------------------------------------------------+-----
Maces & Flails | 3 4 5 6 7 10 11 13 15 | 15.0
Fighting       | 7 13 16 17 18 20 | 20.2
Shields        | 8 10 | 10.0
Armour         | 10 12 15 17 20 | 20.9
Invocations    | 8 10 | 10.0
Evocations     | 6 10 | 10.1
Dodging        | 8 15 19 22 23 | 23.3

Action                   |  1- 3 |  4- 6 |  7- 9 | 10-12 | 13-15 | 16-18 | 19-21 || total
-------------------------+-------+-------+-------+-------+-------+-------+-------++-------
Melee: Flail             |   106 |   186 |   335 |   692 |   381 |       |       ||  1700
       Headbutt          |    13 |    32 |    78 |   247 |   620 |   725 |   624 ||  2339
       Whip              |       |       |       |       |  1206 |   996 |       ||  2202
       Demon whip        |       |       |       |       |       |   646 |  1434 ||  2080
Invok: Slouch            |       |       |       |     1 |    12 |     7 |     2 ||    22
       Bend Time         |       |       |       |       |     5 |     6 |    11 ||    22
       Step From Time    |       |       |       |       |     4 |     7 |     6 ||    17
Evoke: Wand              |       |       |       |       |     1 |       |       ||     1
       Phantom mirror    |       |       |       |       |       |     1 |       ||     1
  Use: Scroll            |       |     1 |       |    11 |    22 |     8 |    11 ||    53
       Potion            |       |       |       |       |    15 |     3 |     5 ||    23
 Stab: Distracted        |       |       |       |       |     2 |       |     2 ||     4
       Held in net/web   |       |       |       |       |       |     1 |       ||     1
  Eat: Chunk             |     3 |     5 |     5 |     7 |    12 |     4 |     3 ||    39
       Fruit             |       |     2 |       |     7 |       |     2 |       ||    11
       Beef jerky        |       |       |     1 |     1 |     4 |     2 |     1 ||     9
       Royal jelly       |       |       |       |     1 |       |       |       ||     1
       Meat ration       |       |       |       |       |     4 |     3 |     2 ||     9
       Pizza             |       |       |       |       |       |     2 |       ||     2
       Bread ration      |       |       |       |       |       |       |     1 ||     1
Armor: Scale mail        |    45 |    77 |   154 |   193 |   166 |       |       ||   635
       Plate armour      |       |       |       |     1 |   364 |   828 |   174 ||  1367
       Skin              |       |       |       |       |    60 |       |       ||    60
Dodge: Dodged            |    32 |    52 |    61 |   152 |   295 |   605 |   760 ||  1957
Block: Shield            |    59 |    89 |   156 |   427 |   948 |  1116 |   659 ||  3454
